 Dungeon Crawl Stone Soup version 0.19.0-2-gae57169 (webtiles) character file.

40336 Naow the Severer (level 13, -10/186 HPs)
             Began as a Minotaur Berserker on Nov 6, 2016.
             Was a High Priest of Trog.
             Killed by mirror damage (16 damage)
             ... on level 15 of the Dungeon.
             The game lasted 00:32:21 (11698 turns).

Naow the Severer (Minotaur Berserker)              Turns: 11698, Time: 00:32:21

Health: -10/186    AC: 20    Str: 30    XL:     13   Next: 74%
Magic:  12/12      EV: 13    Int:  7    God:    Trog [*****.]
Gold:   963        SH:  0    Dex:  9    Spells: 0 memorised, 12 levels left

rFire  + . .     SeeInvis .     L - +4 battleaxe (freeze)
rCold  . . .     Gourm    .     k - +0 plate armour
rNeg   . . .     Faith    .     (shield currently unavailable)
rPois  .         Spirit   .     (helmet restricted)
rElec  .         Reflect  .     F - +1 cloak
rCorr  .         Harm     .     H - +0 pair of gloves
MR     ++...                    (no boots)
Stlth  ..........               u - amulet of regeneration
                                q - ring of fire
                                a - ring of protection from cold

@: berserking, regenerating, very quick
A: retaliatory headbutt, horns 2
a: Berserk, Trog's Hand, Brothers in Arms, Burn Spellbooks, Renounce Religion


You were on level 15 of the Dungeon.
You worshipped Trog.
Trog was extremely pleased with you.
You were near starving.

You visited 1 branch of the dungeon, and saw 15 of its levels.

You collected 963 gold pieces.

Inventory:

Hand Weapons
 y - a +4 antimagic battleaxe
 L - a +4 battleaxe of freezing (weapon)
 Q - a cursed +3 battleaxe
Armour
 k - a +0 plate armour (worn)
 n - a +0 scale mail
 p - a cursed +0 large shield
 F - a +1 cloak (worn)
 H - a +0 pair of gloves (worn)
Jewellery
 a - a ring of protection from cold (left hand)
 q - a ring of fire (right hand)
 u - an amulet of regeneration (around neck)
 C - an uncursed ring of flight
 G - an uncursed ring of poison resistance
 I - a +6 amulet of reflection {unknown}
 P - an uncursed ring of protection from magic {unknown}
Wands
 m - a wand of polymorph (11/24)
 Z - a wand of teleportation (8/9)
Scrolls
 b - 2 scrolls of blinking
 e - 3 scrolls of fear
 g - 7 scrolls of teleportation
 h - 3 scrolls of identify
 z - a scroll of torment {unknown}
 A - 6 scrolls of remove curse
 K - 2 scrolls of enchant armour
 R - a scroll of enchant weapon
Potions
 f - 2 potions of might
 i - 3 potions of flight
 l - a potion of agility
 o - 3 potions of degeneration {unknown}
 r - 4 potions of brilliance
 s - 3 potions of berserk rage
 t - 3 potions of haste
 v - 2 potions of lignification
 B - 3 potions of curing
 D - 2 potions of mutation
 J - a potion of beneficial mutation
 N - 2 potions of cure mutation
 U - a potion of ambrosia {unknown}
Books
 w - a book of Minor Magic

   Spells                             Type                      Level
   a - Magic Dart                     Conjuration                  1
   b - Blink                          Translocation                2
   c - Call Imp                       Summoning                    2
   d - Repel Missiles                 Charms/Air                   2
   e - Slow                           Hexes                        2
   f - Conjure Flame                  Conjuration/Fire             3
   g - Mephitic Cloud                 Conjuration/Poison/Air       3
   Trog disapproves of the use of such an item.
 x - a book of Misfortune

   Spells                             Type                      Level
   a - Confusing Touch                Hexes                        1
   b - Confuse                        Hexes                        3
   c - Gell's Gravitas                Hexes/Translocation          3
   d - Petrify                        Transmutation/Earth          4
   e - Metabolic Englaciation         Hexes/Ice                    5
   f - Yara's Violent Unravelling     Hexes/Transmutation          5
   Trog disapproves of the use of such an item.
 M - a book of Frost

   Spells                             Type                      Level
   a - Freeze                         Ice                          1
   b - Throw Frost                    Conjuration/Ice              2
   c - Ozocubu's Armour               Charms/Ice                   3
   d - Throw Icicle                   Conjuration/Ice              4
   e - Summon Ice Beast               Ice/Summoning                4
   Trog disapproves of the use of such an item.
 W - a book of Conjurations

   Spells                             Type                      Level
   a - Magic Dart                     Conjuration                  1
   b - Searing Ray                    Conjuration                  2
   c - Dazzling Spray                 Conjuration/Hexes            3
   d - Fulminant Prism                Conjuration/Hexes            4
   e - Iskenderun's Mystic Blast      Conjuration                  4
   f - Iskenderun's Battlesphere      Conjuration/Charms           5
   Trog disapproves of the use of such an item.
Comestibles
 c - 7 bread rations
 d - 6 meat rations
 j - 6 fruits
 E - 4 chunks of flesh
 S - 4 beef jerkies
 T - 7 slices of pizza


   Skills:
 + Level 14.0 Fighting
 + Level 15.6 Axes
 + Level 13.6 Armour
 + Level 12.5 Dodging


You had 12 spell levels left.
You didn't know any spells.

Dungeon Overview and Level Annotations

Branches:
Dungeon (15/15)            Temple (0/1) D:7            Lair (0/6) D:9
    Orc (0/2) D:12         Vaults (0/5) D:14
 Depths: D:15

Altars:
Ashenzari
Dithmenos
Fedhas
Hepliaklqana
Kikubaaqudgha
Makhleb
Okawaru
Qazlal
Ru
Trog
Uskayaw
Vehumet
Xom
Yredelemnul

Shops:
D:7 %   D:12 *


Innate Abilities, Weirdness & Mutations

You reflexively headbutt those who attack you in melee.
You have a pair of horns on your head.


Message History

The death knight reflects your damage back at you!
* * * LOW HITPOINT WARNING * * *
You barely miss the death knight.
You headbutt the death knight, but do no damage.
The death knight is severely wounded.
You hit the death knight. You freeze the death knight.
The death knight reflects your damage back at you!
* * * LOW HITPOINT WARNING * * *
The death knight hits you with an enchanted great sword!!
* * * LOW HITPOINT WARNING * * *
The death knight hits you with a broad axe.
* * * LOW HITPOINT WARNING * * *
You are too berserk!
Unknown command.
You slice the death knight!! You freeze the death knight.
Your headbutt misses the death knight.
The death knight is almost dead.
You barely miss the death knight.
The death knight reflects your damage back at you!
You die...

#.... #.... #...# #
#..#. #. #..## #.#
#....
##'#+###########....
##.#p#.##≈≈≈≈≈≈##....
#.yp@..##≈PPPP≈##..#.
#'#.###..#≈.⌠..≈##..#.
#. #...#+≈....≈##....
+ #.#..#≈..P.≈##....
#......#'≈....≈##..##
###.#.###≈8...≈##.#.#
##+#+#≈≈.._.≈##.##.
≈≈≈≈≈8....≈##....
...8......≈#.....


You could see 2 death knights and a vampire mosquito.

Vanquished Creatures
  A hydra (D:11)
  2 vault guards (D:14)
  4 centaur warriors
  A tengu warrior (D:10)
  The ghost of AAAAA the Fighter, a novice OpWr of Sif Muna (D:7)
  2 skeletal warriors (D:15)
  An unseen horror (D:10)
  2 hill giants
  5 deep elf magi
  3 cyclopes
  5 manticores
  12 ugly things
  A gargoyle (D:12)
  3 kobold demonologists (D:12)
  An efreet (D:15)
  A tengu conjurer (D:15)
  4 trolls
  2 hornets
  Grinder (D:5)
  2 two-headed ogres
  6 slime creatures (D:12)
  2 hippogriffs (D:10)
  A meliai zombie (D:15)
  The ghost of Dickchan the Cudgeler, an amateur OgBe of Trog (D:4)
  Sigmund (D:2)
  A centaur simulacrum (D:14)
  A spriggan (shapeshifter) (D:10)
  2 wyverns
  A shadow (D:12)
  18 yaks
  Eustachio (D:5)
  A water elemental (D:14)
  A human (D:7)
  A wraith (D:10)
  2 hogs (D:7)
  A basilisk (D:12)
  5 vampire mosquitoes
  A soldier ant (D:13)
  7 orc warriors
  2 water moccasins
  2 sky beasts
  13 ice beasts
  4 ogres
  A necrophage (D:13)
  4 phantoms
  An eye of draining (D:10)
  7 centaurs
  A crocodile (D:11)
  7 big kobolds
  12 bullfrogs
  A water moccasin zombie (D:5)
  3 earth elementals (D:12)
  A wyvern skeleton (D:12)
  3 scorpions
  9 wights
  9 killer bees
  A howler monkey (D:5)
  5 crimson imps
  4 bullfrog zombies
  3 centaur zombies
  A quasit (D:10)
  A gnoll shaman (D:8)
  18 orc priests
  4 centaur skeletons
  4 hounds
  6 jellies
  9 orc wizards
  3 bullfrog skeletons
  2 iguanas
  14 worker ants
  Terence (D:2)
  2 hound zombies
  2 hound skeletons
  A worker ant zombie (D:10)
  A howler monkey skeleton (D:5)
  14 adders
  13 gnolls
  4 shadow imps
  An ooze (D:6)
  An adder zombie (D:5)
  5 worms
  4 dart slugs (D:1)
  5 leopard geckos
  63 orcs
  5 giant cockroaches
  8 goblins
  8 hobgoblins
  14 jackals
  6 quokkas
  2 bats
  2 frilled lizards
  25 kobolds
  A leopard gecko skeleton (D:4)
  2 quokka skeletons
  10 rats
463 creatures vanquished.

Vanquished Creatures (collateral kills)
  A vault guard (D:14)
  2 skeletal warriors (D:15)
  A centaur skeleton (D:15)
  A killer bee (D:10)
  A howler monkey (D:10)
  An orc priest (D:10)
  3 orcs (D:10)
  A quokka (D:10)
11 creatures vanquished.

Grand Total: 474 creatures vanquished

Notes
Turn   | Place    | Note
-------+----------+-------------------------------------------
     0 | D:1      | Naow the Minotaur Berserker began the quest for the Orb.
     0 | D:1      | Reached XP level 1. HP: 19/19 MP: 0/0
    33 | D:1      | Reached skill level 4 in Axes
    35 | D:1      | Reached XP level 2. HP: 14/26 MP: 1/1
   592 | D:1      | Reached skill level 5 in Axes
   772 | D:2      | Found a blossoming altar of Fedhas.
   775 | D:2      | Noticed Sigmund
   784 | D:2      | Killed Sigmund
   784 | D:2      | Reached skill level 7 in Axes
   784 | D:2      | Reached XP level 3. HP: 31/31 MP: 2/2
   784 | D:2      | Reached XP level 4. HP: 39/39 MP: 3/3
   784 | D:2      | Reached XP level 5. HP: 45/45 MP: 4/4
   966 | D:2      | Reached ** piety under Trog
  1120 | D:2      | Found an iron altar of Okawaru.
  1127 | D:2      | Found a sacrificial altar of Ru.
  1206 | D:2      | Noticed Terence
  1213 | D:2      | Killed Terence
  1645 | D:3      | Reached skill level 8 in Axes
  1696 | D:3      | Reached XP level 6. HP: 51/51 MP: 5/5
  1988 | D:4      | Noticed Dickchan's ghost (amateur OgBe)
  1994 | D:4      | Killed Dickchan's ghost
  1994 | D:4      | Reached skill level 9 in Axes
  2044 | D:4      | Found a shadowy altar of Dithmenos.
  2053 | D:4      | Reached XP level 7. HP: 47/58 MP: 6/6
  2101 | D:4      | Reached *** piety under Trog
  2678 | D:5      | Entered Level 5 of the Dungeon
  2824 | D:5      | Reached skill level 10 in Axes
  3036 | D:5      | Noticed Grinder
  3037 | D:5      | Noticed a moth of wrath
  3040 | D:5      | Found a bloodstained altar of Trog.
  3072 | D:5      | Paralysed by Grinder for 6 turns
  3081 | D:5      | Killed Grinder
  3081 | D:5      | Reached skill level 5 in Fighting
  3081 | D:5      | Reached XP level 8. HP: 40/68 MP: 7/7
  3508 | D:5      | Noticed Eustachio
  3527 | D:5      | Killed Eustachio
  3529 | D:5      | Reached **** piety under Trog
  3587 | D:5      | Reached skill level 5 in Armour
  4342 | D:6      | Reached skill level 5 in Dodging
  4386 | D:6      | Found a stormy altar of Qazlal.
  4389 | D:6      | Found a hazy altar of Hepliaklqana.
  4544 | D:6      | Found a radiant altar of Vehumet.
  4569 | D:6      | Reached XP level 9. HP: 73/78 MP: 8/8
  4776 | D:7      | Noticed AAAAA's ghost (novice OpWr)
  4802 | D:7      | Reached skill level 11 in Axes
  4819 | D:7      | Killed AAAAA's ghost
  4820 | D:7      | Found Ciotow's Food Shoppe.
  4821 | D:7      | Reached ***** piety under Trog
  4906 | D:7      | Found a staircase to the Ecumenical Temple.
  5102 | D:7      | Reached XP level 10. HP: 88/88 MP: 9/9
  5258 | D:7      | Received a gift from Trog
  5258 | D:7      | Reached skill level 12 in Axes
  5264 | D:7      | Found a hide-covered altar of Uskayaw.
  5267 | D:7      | Found an ancient bone altar of Kikubaaqudgha.
  5270 | D:7      | Found a burning altar of Makhleb.
  5762 | D:8      | Found a shattered altar of Ashenzari.
  6512 | D:9      | Found a staircase to the Lair.
  6698 | D:10     | Entered Level 10 of the Dungeon
  6735 | D:10     | Noticed a manticore
  6750 | D:10     | Killed a manticore
  7052 | D:10     | Reached XP level 11. HP: 92/99 MP: 10/10
  7089 | D:10     | Killed an unseen horror
  7089 | D:10     | Reached skill level 10 in Fighting
  7116 | D:10     | Noticed a tengu warrior
  7132 | D:10     | Killed a tengu warrior
  7132 | D:10     | Reached skill level 13 in Axes
  7134 | D:10     | Noticed a deep elf mage
  7135 | D:10     | Reached skill level 10 in Armour
  7154 | D:10     | Killed a deep elf mage
  7157 | D:10     | Noticed a centaur warrior
  7160 | D:10     | Killed a centaur warrior
  7328 | D:10     | Noticed a hill giant
  7342 | D:10     | Killed a hill giant
  7581 | D:10     | Found a shimmering altar of Xom.
  7966 | D:11     | Noticed a purple ugly thing
  7968 | D:11     | Killed a purple ugly thing
  7968 | D:11     | Reached skill level 10 in Dodging
  8112 | D:11     | Received a gift from Trog
  8440 | D:11     | Noticed a six-headed hydra
  8511 | D:11     | Killed a nine-headed hydra
  8511 | D:11     | Reached XP level 12. HP: 110/110 MP: 11/11
  8564 | D:12     | HP: 2/110 [soul eater/drain life[a kobold demonologist] (16)]
  8869 | D:12     | Reached skill level 14 in Axes
  9919 | D:13     | Noticed a centaur warrior
  9929 | D:13     | Killed a centaur warrior
  9929 | D:13     | Received a gift from Trog
 10032 | D:13     | Paralysed by a hornet for 2 turns
 10306 | D:12     | Found a staircase to the Orcish Mines.
 10387 | D:12     | Found Opnytouf's Pet Rocks.
 10448 | D:12     | Reached XP level 13. HP: 122/122 MP: 12/12
 10957 | D:14     | Reached skill level 15 in Axes
 11096 | D:14     | Found a gate to the Vaults.
 11136 | D:15     | Entered Level 15 of the Dungeon
 11482 | D:15     | Found a shimmering altar of Xom.
 11483 | D:15     | Found a basalt altar of Yredelemnul.
 11483 | D:15     | Found a hide-covered altar of Uskayaw.
 11697 | D:15     | HP: 7/186 [death knight/enchanted great sword (31)]
 11698 | D:15     | Killed by mirror damage

Skill      XL: |  1  2  3  4  5  6  7  8  9 10 11 12 13 |
---------------+----------------------------------------+-----
Axes           | 4 7 8 9 10 11 12 13 14 15 | 15.6
Fighting       | 5 6 8 9 11 13 14 | 14.0
Armour         | 4 5 7 9 11 12 13 | 13.6
Dodging        | 4 5 7 8 10 11 12 | 12.5

Action                   |  1- 3 |  4- 6 |  7- 9 | 10-12 | 13-15 || total
-------------------------+-------+-------+-------+-------+-------++-------
Melee: Hand axe          |    51 |    41 |       |       |       ||    92
       Headbutt          |     8 |    13 |    41 |    74 |    45 ||   181
       War axe           |       |    44 |   152 |       |       ||   196
       Battleaxe         |       |       |    77 |   545 |   178 ||   800
       Unarmed           |       |       |       |     1 |       ||     1
Invok: Berserk           |     2 |     2 |     6 |    13 |     4 ||    27
       Trog's Hand       |       |       |       |    10 |     6 ||    16
       Brothers in Arms  |       |       |       |     2 |     3 ||     5
  Use: Scroll            |       |       |       |    24 |       ||    24
       Potion            |       |       |       |     2 |     3 ||     5
 Stab: Distracted        |       |       |       |     1 |       ||     1
  Eat: Chunk             |     1 |     6 |    14 |    28 |    11 ||    60
       Beef jerky        |       |       |     1 |       |       ||     1
       Bread ration      |       |       |       |     1 |       ||     1
       Pizza             |       |       |       |     1 |       ||     1
Armor: Animal skin       |     6 |       |       |       |       ||     6
       Scale mail        |       |    30 |    72 |   219 |     1 ||   322
       Plate armour      |       |       |       |       |   120 ||   120
Dodge: Dodged            |    31 |    50 |   136 |   386 |   114 ||   717
